 Dungeon Crawl Stone Soup version 0.31-a0-180-g519b7de00c (webtiles) character file.

Game seed: 7981938637577126944

215 qw the Chopper (level 5, -8/33 HPs)
             Began as a Gargoyle Fighter on June 19, 2023.
             Was an Initiate of Okawaru.
             Mangled by an orc wizard
             ... wielding a +2 dagger of distortion
              (14 damage)
             ... on level 4 of the Dungeon.
             The game lasted 00:01:37 (3385 turns).

qw the Chopper (Gargoyle Fighter)                   Turns: 3385, Time: 00:01:37

Health: -8/33      AC: 19    Str: 22    XL:     5   Next: 92%
Magic:  5/5        EV:  8    Int:  8    God:    Okawaru [......]
Gold:   260        SH:  4    Dex:  9    Spells: 4/4 levels left

rFire   . . .        Y - +1 war axe
rCold   . . .        c - +0 buckler
rNeg    + . .        q - +0 chain mail
rPois   inf          f - +1 helmet
rElec   +            (no cloak)
rCorr   .            (no gloves)
SInv    .            (no boots)
Will    .....        (no amulet) Stlth
                     a - +4 ring of protection
HPRegen 0.25/turn    (no ring)
MPRegen 0.09/turn

%: no passive effects
@: about to teleport
A: sickness immunity, AC +4, negative energy resistance 1, electricity
resistance, torment resistance 1, petrification resistance
a: Renounce Religion


You were on level 4 of the Dungeon.
You worshipped Okawaru.
Okawaru was noncommittal.
You visited 1 branch of the dungeon, and saw 4 of its levels.
You also visited: Ossuary.

You collected 286 gold pieces.
You spent 26 gold pieces at shops.


Innate Abilities, Weirdness & Mutations

You are immune to sickness and miasma.
Your stone body is resilient. (AC +4)
You are immune to poison.
You resist negative energy. (rN+)
You are resistant to electric shocks. (rElec)
You are resistant to unholy torment.
You are immune to petrification.


   Skills:
 - Level 4.0 Fighting
 + Level 5.1 Axes
 - Level 3.2 Armour
 - Level 3.2 Shields


You had 4 spell levels left.
You didn't know any spells.
Your spell library was empty.

Inventory:

Hand Weapons
 j - a +0 flail
 Y - a +1 war axe (weapon)
Missiles
 o - 2 boomerangs (quivered)
Armour
 c - a +0 buckler (worn)
 f - a +1 helmet (worn)
 q - a +0 chain mail (worn)
Jewellery
 a - a +4 ring of protection (left hand)
Scrolls
 b - a scroll of identify
Potions
 d - a potion of might
 e - 2 potions of curing
 g - a potion of attraction
 i - a potion of degeneration {unknown}
 k - a potion of heal wounds {unknown}
 l - a potion of berserk rage {unknown}
 n - a potion of ambrosia {unknown}
 p - a potion of resistance {unknown}
 r - a potion of cancellation
 s - a potion of haste
 t - a potion of mutation {unknown}
 u - a potion of magic

Dungeon Overview and Level Annotations

Branches:
Dungeon (4/15)            Ossuary (visited)
 Temple: D:4-7

Altars:
Elyvilon
Makhleb
Okawaru
Yredelemnul

Shops:
D:2 *


Message History

The orc shouts!
An orc wizard comes into view. It is wielding a +0 dagger.
Enter note:
Enter note:
Enter note:
Enter note:
Enter note:
Enter note: The orc wizard shouts!
The orc wizard gestures wildly while chanting.
The orc wizard flickers and vanishes!
Deactivating autopickup; reactivate with Ctrl-A.
The orc wizard hits you but does no damage.
Space warps around you!
Enter note:
Enter note:
Enter note:
Enter note:
Enter note:
Enter note: You slash the orc wizard!
The orc wizard is heavily wounded.
The orc wizard closely misses you.
You closely miss the orc wizard.
The orc wizard is heavily wounded.
You closely miss the orc. The orc hits you with a +0 flail.
You block the orc wizard's attack.
You slash the orc wizard!
The orc wizard is almost dead.
You hit the orc. The orc hits you with a +0 flail.
The orc wizard hits you but does no damage.
Space warps horribly around you!
3385 ||| READING scroll of teleportation.
As you read the scroll of teleportation, it crumbles to dust.
You feel strangely unstable. The orc hits you but does no damage.
The orc wizard hits you but does no damage.
Space warps horribly around you!
You die...

########## # #........#
#.### #.........
###.$..########........#
......o@.....##........#
......o#####..#........#
....... ##.....##.....
........###..###..#.....
...............##<......
###.###.#..###.)........
.. ##.....####..... ##
.................
###########......


You could see an orc wizard and an orc.

Vanquished Creatures
  2 orc wizards
  4 mummies (Ossuary)
  2 adders (D:2)
  An adder skeleton (D:3)
  An adder zombie (D:3)
  2 worms
  5 dart slugs
  2 orcs (D:3)
  5 bats
  6 endoplasms
  2 giant cockroaches
  3 gnoll zombies (Ossuary)
  A goblin (D:3)
  4 hobgoblins
  3 jackals (D:2)
  7 kobolds
  2 quokkas (D:1)
  6 ball pythons
  5 frilled lizards
  A goblin zombie (Ossuary)
  A hobgoblin zombie (Ossuary)
  4 jackal zombies (Ossuary)
  3 kobold zombies (Ossuary)
  A quokka skeleton (D:3)
  6 rats
79 creatures vanquished.

Notes
Turn   | Place    | Note
-------+----------+-------------------------------------------
     0 | D:1      | qw the Gargoyle Fighter began the quest for the Orb.
     0 | D:1      | Reached XP level 1. HP: 14/14 MP: 1/1
     0 | D:1      | 0 ||| qw: Version: 0.3-a-7-ge0c9b40
     0 | D:1      | 0 ||| qw: Game counter: 1037
     0 | D:1      | 0 ||| qw: Always use a shield: true
     0 | D:1      | 0 ||| qw: God list: Okawaru
     0 | D:1      | 0 ||| qw: Allow faded altars: false
     0 | D:1      | 0 ||| qw: Do Orc after D:15 true
     0 | D:1      | 0 ||| qw: Do second Lair branch before Depths: true
     0 | D:1      | 0 ||| qw: Lair rune preference: random
     0 | D:1      | 0 ||| qw: Plans: Normal, Zot:1-4, Slime:5, God:TSO, Crypt,
                  | Tomb, Abyss, Pan, Hells, Win
     0 | D:1      | 0 ||| PLANNING D:1-11
   134 | D:1      | Reached skill level 2 in Axes
   237 | D:1      | 237 ||| Stepping ~*~*~tactically~*~*~ (stealth).
   245 | D:1      | Reached XP level 2. HP: 19/19 MP: 2/2
   369 | D:1      | 369 ||| Stepping ~*~*~tactically~*~*~ (hiding).
   402 | D:1      | 402 ||| Stepping ~*~*~tactically~*~*~ (hiding).
   604 | D:1      | Reached skill level 3 in Axes
   638 | D:1      | Reached XP level 3. HP: 18/23 MP: 3/3
   659 | D:1      | Found a faded altar of an unknown god.
   862 | D:1      | 862 ||| UPGRADING to +1 helmet.
  1082 | D:2      | Found Fizaocaf's Assorted Antiques.
  1092 | D:2      | 1092 ||| SHOPLISTING glowing scarf (208 gold, have 35).
  1092 | D:2      | 1092 ||| SHOPLISTING runed chain mail (195 gold, have 35).
  1092 | D:2      | 1092 ||| BUYING scroll labelled GAHYES CI AGGY (26 gold).
  1092 | D:2      | Bought a scroll labelled GAHYES CI AGGY for 26 gold pieces
  1092 | D:2      | 1092 ||| SHOPLISTING scroll labelled IMEDWYM LAREMP (26
                  | gold, have 9).
  1092 | D:2      | 1092 ||| SHOPLISTING scroll labelled UWYTEPSUPLA (26 gold,
                  | have 9).
  1106 | D:2      | 1106 ||| DROPPING +0 whip.
  1387 | D:2      | Reached XP level 4. HP: 22/28 MP: 4/4
  1461 | D:2      | Found a white marble altar of Elyvilon.
  1506 | D:2      | 1506 ||| Stepping ~*~*~tactically~*~*~ (hiding).
  1750 | D:2      | Reached skill level 4 in Axes
  1978 | D:2      | 1978 ||| READING scroll labelled INIFIU DAIKADAL.
  1979 | D:2      | 1979 ||| READING scroll labelled GAHYES CI AGGY.
  1979 | D:2      | 1979 ||| ACQUIRING +4 ring of protection
  1979 | D:2      | Acquired a +4 ring of protection
  1981 | D:2      | 1981 ||| UPGRADING to +4 ring of protection.
  1982 | D:2      | 1982 ||| DRINKING 3 murky dark potions.
  2151 | D:3      | 2151 ||| Stepping ~*~*~tactically~*~*~ (stealth).
  2225 | D:3      | 2225 ||| DROPPING +0 mace.
  2227 | D:3      | Found a basalt altar of Yredelemnul.
  2430 | D:3      | 2430 ||| Stepping ~*~*~tactically~*~*~ (stealth).
  2431 | D:3      | 2431 ||| Stepping ~*~*~tactically~*~*~ (stealth).
  2432 | D:3      | 2432 ||| Stepping ~*~*~tactically~*~*~ (stealth).
  2433 | D:3      | 2433 ||| Stepping ~*~*~tactically~*~*~ (stealth).
  2478 | D:3      | Reached XP level 5. HP: 32/32 MP: 5/5
  2534 | D:3      | Found a burning altar of Makhleb.
  2561 | D:3      | Found an iron altar of Okawaru.
  2562 | D:3      | 2562 ||| PLANNING OKAWARU WORSHIP
  2791 | D:3      | 2791 ||| UPGRADING to +0 chain mail.
  2801 | D:3      | 2801 ||| DROPPING +0 scale mail.
  2802 | D:3      | 2802 ||| READING scroll labelled ASCHEI MOPUOTS.
  2803 | D:3      | 2803 ||| READING scroll labelled TASUFYAGED.
  2804 | D:3      | 2804 ||| READING scroll labelled TYRARYOMME.
  2805 | D:3      | 2805 ||| READING scroll labelled XECISTR GAGU.
  2838 | D:3      | Became a worshipper of Warmaster Okawaru
  2839 | D:3      | 2839 ||| PLANNING D:1-11
  2900 | D:4      | 2900 ||| PLANNING OSSUARY
  2900 | D:4      | 2900 ||| Stepping ~*~*~tactically~*~*~ (hiding).
  2901 | D:4      | 2901 ||| Stepping ~*~*~tactically~*~*~ (stealth).
  2902 | D:4      | 2902 ||| Stepping ~*~*~tactically~*~*~ (hiding).
  2907 | D:4      | 2907 ||| STAIRDANCE
  2947 | D:4      | 2947 ||| DRINKING 3 potions of curing.
  2947 | D:4      | 2947 ||| (to cure confusion)
  3050 | D:4      | Found a sand-covered staircase.
  3060 | Ossuary  | Entered an ossuary
  3068 | Ossuary  | Reached skill level 5 in Axes
  3294 | Ossuary  | 3294 ||| READING 2 scrolls labelled ENUERAM IKUA.
  3295 | Ossuary  | 3295 ||| DRINKING 2 fizzy grey potions.
  3296 | Ossuary  | 3296 ||| DRINKING 2 grey potions.
  3297 | Ossuary  | 3297 ||| DRINKING 2 sedimented emerald potions.
  3298 | Ossuary  | 3298 ||| READING 2 scrolls of identify.
  3298 | Ossuary  | 3298 ||| IDENTIFYING red potion
  3299 | Ossuary  | 3299 ||| DROPPING scroll of poison.
  3314 | D:4      | 3314 ||| PLANNING D:1-11
  3376 | D:4      | 3376 ||| Stepping ~*~*~tactically~*~*~ (stealth).
  3384 | D:4      | HP: 6/33 [orc wizard/+2 dagger of distortion (14)]
  3385 | D:4      | 3385 ||| READING scroll of teleportation.
  3385 | D:4      | Mangled by an orc wizard

Levels and vault maps discovered:
D:1:      dpeg_chamrin_arrival_tetris, layout_basic,
          hellmonk_ecumenical_altar_inner_sanctum
D:2:      layout_loops_corners, basic_altar, serial_shops, nicolae_shop_stone,
          serial_forest, infiniplex_forest_end_double,
          infiniplex_forest_lined_2, infiniplex_forest_clump_medium,
          infiniplex_forest_straight_1, infiniplex_forest_straight_3,
          infiniplex_forest_lined_ring, infiniplex_forest_end_1
D:3:      layout_loops_ring, yredelemnul_altar_generic,
          mainiacjoe_overflow_catwalk_spiral, serial_undead, serial_undead_f,
          serial_undead_c, serial_undead_a, serial_undead_d
D:4:      layout_rooms, nemelex_spade_bored_becter,
          nicolae_ossuary_entry_monument

Skill      XL: |  1  2  3  4  5 |
---------------+----------------+-----
Axes           | 2 3 4 5 |  5.1
Fighting       | 4 |  4.0
Armour         | |  3.2
Shields        | |  3.2

Action                     |  1- 3 |  4- 6 || total
---------------------------+-------+-------++-------
  Melee: War axe           |   107 |   114 ||   221
  Throw: Boomerang         |       |     5 ||     5
    Use: Scroll            |       |     9 ||     9
         Potion            |       |     5 ||     5
 Armour: Scale mail        |    62 |    46 ||   108
         Chain mail        |       |    22 ||    22
  Dodge: Dodged            |    49 |    40 ||    89
  Block: Buckler           |    17 |    18 ||    35

Table legend:
 A = Non-vault XP
 B = Vault XP
 C = Vault XP percentage of total XP
 D = Non-vault monster count
 E = Vault monster count
 F = Vault count percentage of total count
                 A         B        C        D         E       F
            +---------+---------+-------+---------+---------+-------
      Total |     211 |      97 |  31.5 |      60 |      19 |  24.1
            +---------+---------+-------+---------+---------+-------
        D:1 |      43 |       0 |   0.0 |      23 |       0 |   0.0
        D:2 |      61 |       0 |   0.0 |      18 |       0 |   0.0
        D:3 |      58 |      11 |  15.9 |      14 |       3 |  17.6
        D:4 |      49 |       0 |   0.0 |       5 |       0 |   0.0
    Ossuary |       0 |      86 | 100.0 |       0 |      16 | 100.0
            +---------+---------+-------+---------+---------+-------
